TOP OF THE 1ST |
Memphis Bears batting - Pitching for Savannah Goobers : RHP Don Richardson
|
Pitching: RHP Don Richardson
|
|
Batting: RHB Frank Saunders
|
0-0: Foul Ball, location: 2LF 0-1: Ball 1-1: Swinging Strike 1-2: Ball 2-2: Ball 3-2: Ground out 5-3 (Groundball, 56, EV 94.4 MPH)
|
Batting: LHB Alphonse Johnson
|
0-0: Called Strike 0-1: Ball 1-1: Foul Ball, location: 2F 1-2: Ball 2-2: Ball 3-2: Fly out, F3 (Popup, 3SF, EV 73.1 MPH)
|
Batting: RHB John Johnson
|
0-0: Called Strike 0-1: Fly out, F4 (Line Drive, 34D, EV 70.6 MPH)
|
Top of the 1st over - 0 runs, 0 hits, 0 errors, 0 left on base; Memphis 0 - Savannah 0 |
BOTTOM OF THE 1ST |
Savannah Goobers batting - Pitching for Memphis Bears : RHP Henry Lynn
|
Pitching: RHP Henry Lynn
|
|
Batting: LHB Quincy Anderson
|
0-0: Called Strike 0-1: Ball 1-1: Ball 2-1: Ball 3-1: Foul Ball, location: 2F 3-2: Ground out U3 (Groundball, 34S, EV 91.9 MPH)
|
Batting: RHB Max Smith
|
0-0: Swinging Strike 0-1: Ball 1-1: Foul Ball, location: 9LDF 1-2: Ball 2-2: SINGLE (Groundball, 34D, EV 106.9 MPH)
|
Batting: RHB George Gill
|
0-0: Called Strike 0-1: Ball 1-1: Called Strike 1-2: Foul Ball, location: 5FF 1-2: Grounds into double play, 4-6-3 (Groundball, 34, EV 101.3 MPH)
|
Bottom of the 1st over - 0 runs, 1 hit, 0 errors, 0 left on base; Memphis 0 - Savannah 0 |
TOP OF THE 2ND |
Memphis Bears batting - Pitching for Savannah Goobers : RHP Don Richardson
|
Batting: LHB Spencer Burke
|
0-0: Ball 1-0: Ball 2-0: Swinging Strike 2-1: Ball 3-1: Fly out, F9 (Flyball, 89D, EV 98.1 MPH)
|
Batting: LHB James Watkins
|
0-0: Ball 1-0: Ball 2-0: Ball 3-0: Called Strike 3-1: Base on Balls
|
Batting: RHB James Bell
|
0-0: Called Strike James Watkins steals 2nd base 0-1: Foul Ball, location: 2F 0-2: Ball 1-2: Ball 2-2: Ball 3-2: SINGLE (Line Drive, 56D, EV 95.6 MPH) James Watkins to third
|
Batting: LHB Al Ewing
|
0-0: Ball 1-0: Called Strike 1-1: Ball 2-1: Ball 3-1: Base on Balls James Bell to second
|
Batting: RHB George Jackson
|
0-0: Ball 1-0: Called Strike 1-1: Called Strike 1-2: Ball 2-2: Ball 3-2: Foul Ball, location: 3F 3-2: Strikes out swinging
|
Batting: RHB Henry Lynn
|
0-0: Foul Ball, location: 7LSF 0-1: Fly out, F2 (Popup, 23F, EV 85.0 MPH)
|
Top of the 2nd over - 0 runs, 1 hit, 0 errors, 3 left on base; Memphis 0 - Savannah 0 |
BOTTOM OF THE 2ND |
Savannah Goobers batting - Pitching for Memphis Bears : RHP Henry Lynn
|
Batting: RHB Dave Frederick
|
0-0: Ball 1-0: Ball 2-0: Ball 3-0: Called Strike 3-1: Base on Balls
|
Batting: RHB Lacy Knight
|
0-0: Bunted foul 0-1: Sac Bunt to 2R - play at first, batter OUT! 2-3 Dave Frederick to second
|
Batting: RHB Andy McAvoy
|
0-0: Ball 1-0: Ball 2-0: SINGLE (Line Drive, 9LS, EV 97.5 MPH) Dave Frederick to third
|
Batting: RHB Wendell Betts
|
0-0: Swinging Strike 0-1: Ball 1-1: Fly out, F3 (Popup, 3SF, EV 66.3 MPH)
|
Batting: RHB Red Gillespie
|
0-0: Ball 1-0: Fielders Choice at 2nd, 6-4 (Groundball, 6, EV 103.8 MPH)
|
Bottom of the 2nd over - 0 runs, 1 hit, 0 errors, 2 left on base; Memphis 0 - Savannah 0 |
TOP OF THE 3RD |
Memphis Bears batting - Pitching for Savannah Goobers : RHP Don Richardson
|
Batting: RHB Frank Saunders
|
0-0: Ball 1-0: Swinging Strike 1-1: Called Strike 1-2: Ball 2-2: Foul Ball, location: 2LF 2-2: Foul Ball, location: 5DF 2-2: Foul Ball, location: 9LMF 2-2: Ground out 6-3 (Groundball, 6M, EV 90.0 MPH)
|
Batting: LHB Alphonse Johnson
|
0-0: Fly out, F8 (Flyball, 8LM, EV 89.4 MPH)
|
Batting: RHB John Johnson
|
0-0: Called Strike 0-1: Ground out 4-3 (Groundball, 4MD, EV 102.5 MPH)
|
Top of the 3rd over - 0 runs, 0 hits, 0 errors, 0 left on base; Memphis 0 - Savannah 0 |
BOTTOM OF THE 3RD |
Savannah Goobers batting - Pitching for Memphis Bears : RHP Henry Lynn
|
Batting: RHB Don Richardson
|
0-0: Ball 1-0: Ball 2-0: Ball 3-0: Called Strike 3-1: Fly out, F8 (Line Drive, 8RS, EV 93.8 MPH)
|
Batting: LHB Quincy Anderson
|
0-0: Foul Ball, location: 23FF 0-1: Foul Ball, location: 2F 0-2: Ball 1-2: Ball 2-2: Foul Ball, location: 7LSF 2-2: TRIPLE (Line Drive, 78XD, EV 110.0 MPH)
|
Batting: RHB Max Smith
|
0-0: Ball 1-0: Ground out 1-3 (Groundball, 13S, EV 68.8 MPH)
|
Batting: RHB George Gill
|
0-0: Called Strike 0-1: Ball 1-1: SINGLE (Flyball, 34D, EV 85.0 MPH) Quincy Anderson scores
|
Batting: RHB Dave Frederick
|
0-0: Called Strike George Gill is caught stealing 2nd base 2-4
|
Bottom of the 3rd over - 1 run, 2 hits, 0 errors, 0 left on base; Memphis 0 - Savannah 1 |
TOP OF THE 4TH |
Memphis Bears batting - Pitching for Savannah Goobers : RHP Don Richardson
|
Batting: LHB Spencer Burke
|
0-0: Foul Ball, location: 25F 0-1: SINGLE (Groundball, 6MD, EV 93.8 MPH)
|
Batting: LHB James Watkins
|
0-0: Sac Bunt to 5S - play at first, batter OUT! 5-3 Spencer Burke to second
|
Batting: RHB James Bell
|
0-0: Ball Spencer Burke steals 3rd base 1-0: Ball 2-0: Ball 3-0: Called Strike 3-1: Called Strike 3-2: Fielders Choice at home, 6-2 (Groundball, 56, EV 83.8 MPH)
|
Batting: LHB Al Ewing
|
0-0: Called Strike 0-1: Foul Ball, location: 7LDF 0-2: Ball 1-2: Fly out, F2 (Popup, 2RF, EV 92.5 MPH)
|
Top of the 4th over - 0 runs, 1 hit, 0 errors, 1 left on base; Memphis 0 - Savannah 1 |
BOTTOM OF THE 4TH |
Savannah Goobers batting - Pitching for Memphis Bears : RHP Henry Lynn
|
Batting: RHB Dave Frederick
|
0-0: Ball 1-0: DOUBLE (Flyball, 78XD, EV 110.6 MPH)
|
Batting: RHB Lacy Knight
|
0-0: Ball 1-0: Sac Bunt to 3S - play at first, batter safe! Dave Frederick to third
|
Batting: RHB Andy McAvoy
|
0-0: Called Strike Lacy Knight is caught stealing 2nd base 2-4 0-1: Called Strike 0-2: Ground out 5-3 (Groundball, 56, EV 86.9 MPH) Dave Frederick scores
|
Batting: RHB Wendell Betts
|
0-0: Ball 1-0: Ball 2-0: Fly out, F5 (Line Drive, 5L, EV 68.8 MPH)
|
Bottom of the 4th over - 1 run, 2 hits, 0 errors, 0 left on base; Memphis 0 - Savannah 2 |
TOP OF THE 5TH |
Memphis Bears batting - Pitching for Savannah Goobers : RHP Don Richardson
|
Batting: RHB George Jackson
|
0-0: Foul Ball, location: 2F 0-1: Fly out, F8 (Line Drive, 78D, EV 100.0 MPH)
|
Batting: RHB Henry Lynn
|
0-0: Called Strike 0-1: SINGLE (Groundball, 4MD, EV 98.8 MPH)
|
Batting: RHB Frank Saunders
|
0-0: TRIPLE (Line Drive, 8RXD, EV 106.3 MPH) Henry Lynn scores
|
Batting: LHB Alphonse Johnson
|
0-0: Swinging Strike 0-1: Foul Ball, location: 2F 0-2: SINGLE (Line Drive, 6MD, EV 96.3 MPH) Frank Saunders scores
|
Batting: RHB John Johnson
|
0-0: Called Strike 0-1: Ball 1-1: Called Strike Alphonse Johnson steals 2nd base (no throw) 1-2: Ball 2-2: Ground out 4-3 (Groundball, 4S, EV 81.9 MPH) Alphonse Johnson to third
|
Batting: LHB Spencer Burke
|
0-0: Ground out 4-3 (Groundball, 4, EV 100.6 MPH)
|
Top of the 5th over - 2 runs, 3 hits, 0 errors, 1 left on base; Memphis 2 - Savannah 2 |
BOTTOM OF THE 5TH |
Savannah Goobers batting - Pitching for Memphis Bears : RHP Henry Lynn
|
Batting: RHB Red Gillespie
|
0-0: Called Strike 0-1: Foul Ball, location: 2F 0-2: Ball 1-2: Ground out 6-3 (Groundball, 6, EV 86.3 MPH)
|
Batting: RHB Don Richardson
|
0-0: Called Strike 0-1: Ground out U3 (Groundball, 34S, EV 66.3 MPH)
|
Batting: LHB Quincy Anderson
|
0-0: Fly out, F8 (Line Drive, 8RS, EV 90.0 MPH)
|
Bottom of the 5th over - 0 runs, 0 hits, 0 errors, 0 left on base; Memphis 2 - Savannah 2 |
TOP OF THE 6TH |
Memphis Bears batting - Pitching for Savannah Goobers : RHP Don Richardson
|
Batting: LHB James Watkins
|
0-0: Foul Ball, location: 25F 0-1: Fly out, F9 (Flyball, 9LD, EV 103.8 MPH)
|
Batting: RHB James Bell
|
0-0: Ball 1-0: Called Strike 1-1: Ball 2-1: Ground out 5-3 (Groundball, 25, EV 85.0 MPH)
|
Batting: LHB Al Ewing
|
0-0: Fly out, F6 (Line Drive, 6D, EV 63.8 MPH)
|
Top of the 6th over - 0 runs, 0 hits, 0 errors, 0 left on base; Memphis 2 - Savannah 2 |
BOTTOM OF THE 6TH |
Savannah Goobers batting - Pitching for Memphis Bears : RHP Henry Lynn
|
Batting: RHB Max Smith
|
0-0: Ball 1-0: SINGLE (Flyball, 5D, EV 98.8 MPH)
|
Batting: RHB George Gill
|
0-0: Ball 1-0: Grounds into double play, 5-4-3 (Groundball, 56S, EV 92.5 MPH)
|
Batting: RHB Dave Frederick
|
0-0: Fly out, F9 (Flyball, 89S, EV 88.1 MPH)
|
Bottom of the 6th over - 0 runs, 1 hit, 0 errors, 0 left on base; Memphis 2 - Savannah 2 |
TOP OF THE 7TH |
Memphis Bears batting - Pitching for Savannah Goobers : RHP Don Richardson
|
Batting: RHB George Jackson
|
0-0: Fly out, F9 (Flyball, 9, EV 97.5 MPH)
|
Batting: RHB Henry Lynn
|
0-0: Called Strike 0-1: Called Strike 0-2: Ball 1-2: Strikes out swinging
|
Batting: RHB Frank Saunders
|
0-0: Ball 1-0: Ball 2-0: Ball 3-0: Called Strike 3-1: Fly out, F9 (Flyball, 9S, EV 90.0 MPH)
|
Top of the 7th over - 0 runs, 0 hits, 0 errors, 0 left on base; Memphis 2 - Savannah 2 |
BOTTOM OF THE 7TH |
Savannah Goobers batting - Pitching for Memphis Bears : RHP Henry Lynn
|
Batting: RHB Lacy Knight
|
0-0: Ball 1-0: SINGLE (Line Drive, 89M, EV 90.6 MPH)
|
Batting: RHB Andy McAvoy
|
0-0: Sac Bunt to 2L - play at first, batter OUT! 2-3 Lacy Knight to second
|
Pinch Hitting: RHB Albert Miles
|
0-0: Ball 1-0: Ball 2-0: Ball 3-0: Swinging Strike 3-1: Swinging Strike 3-2: Foul Ball, location: 2F 3-2: Strikes out looking
|
Batting: RHB Red Gillespie
|
0-0: Swinging Strike 0-1: Foul Ball, location: 9LDF 0-2: Fly out, F9 (Flyball, 9D, EV 88.8 MPH)
|
Bottom of the 7th over - 0 runs, 1 hit, 0 errors, 1 left on base; Memphis 2 - Savannah 2 |
TOP OF THE 8TH |
Memphis Bears batting - Pitching for Savannah Goobers : RHP Don Richardson
|
Now at 2B: Newt Fleet
|
|
Batting: LHB Alphonse Johnson
|
0-0: Foul Ball, location: 7LSF 0-1: Called Strike 0-2: Ball 1-2: Ball 2-2: Foul Ball, location: 2F 2-2: Ball 3-2: Base on Balls
|
Batting: RHB John Johnson
|
0-0: Called Strike 0-1: Ball 1-1: Ball 2-1: Fly out, F8 (Flyball, 89D, EV 110.0 MPH)
|
Batting: LHB Spencer Burke
|
0-0: Called Strike 0-1: Ball Alphonse Johnson steals 2nd base (no throw) 1-1: Called Strike 1-2: DOUBLE (Line Drive, 7LS, EV 108.8 MPH) Alphonse Johnson scores
|
Batting: LHB James Watkins
|
0-0: Swinging Strike 0-1: Called Strike 0-2: Ball 1-2: Strikes out swinging, 2-3 out at first.
|
Batting: RHB James Bell
|
0-0: Called Strike 0-1: Called Strike 0-2: SINGLE (Groundball, 6D, EV 98.1 MPH) Spencer Burke to third Runner from 3rd tries for Home, SAFE, throw by CF to home James Bell to second
|
Batting: LHB Al Ewing
|
0-0: Ball 1-0: Swinging Strike 1-1: Ground out 4-3 (Groundball, 4, EV 105.6 MPH)
|
Top of the 8th over - 2 runs, 2 hits, 0 errors, 1 left on base; Memphis 4 - Savannah 2 |
BOTTOM OF THE 8TH |
Savannah Goobers batting - Pitching for Memphis Bears : RHP Henry Lynn
|
Pinch Hitting: RHB Robert Jones
|
0-0: Ball 1-0: Ground out U3 (Groundball, 34S, EV 67.5 MPH)
|
Batting: LHB Quincy Anderson
|
0-0: Foul Ball, location: 2F 0-1: SINGLE (Line Drive, 4D, EV 102.5 MPH)
|
Batting: RHB Max Smith
|
0-0: Swinging Strike 0-1: Ball 1-1: Fly out, F5 (Popup, 5SF, EV 80.6 MPH)
|
Batting: RHB George Gill
|
0-0: Ball 1-0: Ground out 5-3 (Groundball, 56S, EV 82.5 MPH)
|
Bottom of the 8th over - 0 runs, 1 hit, 0 errors, 1 left on base; Memphis 4 - Savannah 2 |
TOP OF THE 9TH |
Memphis Bears batting - Pitching for Savannah Goobers : RHP Don Richardson
|
Pitching: RHP Danforth Hartley
|
|
Pinch Hitting: LHB Dan Marvin
|
0-0: SINGLE (Groundball, 6MS, EV 68.1 MPH) (infield hit)
|
Batting: RHB Henry Lynn
|
0-0: Sac Bunt to 23 - play at first, batter OUT! 3-4 Dan Marvin to second
|
Batting: RHB Frank Saunders
|
0-0: Called Strike 0-1: Foul Ball, location: 2F 0-2: Strikes out looking
|
Batting: LHB Alphonse Johnson
|
0-0: Ball 1-0: Swinging Strike 1-1: Ball 2-1: Ball 3-1: Foul Ball, location: 25F 3-2: Fly out, F9 (Flyball, 9S, EV 90.0 MPH)
|
Top of the 9th over - 0 runs, 1 hit, 0 errors, 1 left on base; Memphis 4 - Savannah 2 |
BOTTOM OF THE 9TH |
Savannah Goobers batting - Pitching for Memphis Bears : RHP Henry Lynn
|
Now at C: George Fleet
|
|
Now at 1B: Frank Ziegler
|
|
Batting: RHB Dave Frederick
|
0-0: Ball 1-0: Foul Ball, location: 2LF 1-1: Ball 2-1: Swinging Strike 2-2: Foul Ball, location: 9LSF 2-2: Foul Ball, location: 5DF 2-2: Ball 3-2: Foul Ball, location: 3FF 3-2: Ground out 5-3 (Groundball, 56, EV 101.9 MPH)
|
Pitching: RHP Upton Grant
|
|
Pinch Hitting: LHB Chuffy Campbell
|
0-0: Foul Ball, location: 2F 0-1: Called Strike 0-2: Ball 1-2: Ball 2-2: Foul Ball, location: 9LDF 2-2: Ball 3-2: Base on Balls
|
Batting: RHB Andy McAvoy
|
0-0: Ball 1-0: Fielders Choice at 2nd, 3-6 (Groundball, 34, EV 87.5 MPH)
|
Pinch Hitting: LHB Vicial Brown
|
0-0: Called Strike 0-1: Swinging Strike 0-2: Strikes out swinging
|
Bottom of the 9th over - 0 runs, 0 hits, 0 errors, 1 left on base; Memphis 4 - Savannah 2 |
|